 Dungeon Crawl Stone Soup version 0.31-a0-271-gb88eb75e06 (webtiles) character file.

Game seed: 7507111782693549280

258304 Iniera the Spry (level 20, -8/136 HPs)
             Began as a Kobold Monk on July 14, 2023.
             Was the Champion of Qazlal.
             Mangled by an ironbound convoker
             ... wielding a +4 heavy mace
              (18 damage)
             ... on level 2 of the Vaults.
             The game lasted 01:01:15 (35701 turns).

Iniera the Spry (Kobold Monk)                      Turns: 35701, Time: 01:01:16

Health: -8/136     AC: 22    Str: 11    XL:     20   Next: 67%
Magic:  30/33      EV: 38    Int: 12    God:    Qazlal [******]
Gold:   1816       SH: 28    Dex: 26    Spells: 19/19 levels left

rFire   . . .        a - +9 demon blade (protect)
rCold   + . .        Y - +5 Storm Queen's Shield {shock, Fly rElec}
rNeg    . . .        V - +0 troll leather armour
rPois   .            J - +2 hat
rElec   +            T - scarf {shadows}
rCorr   .            p - +0 pair of gloves {Str+3}
SInv    .            N - +1 pair of boots
Will    +....        l - amulet of regeneration
Stlth   +            f - +4 ring of protection
HPRegen 2.02/turn    m - +5 ring of evasion
MPRegen 0.23/turn

%: repel missiles
@: marked, frozen, protected from cold, under a protective aura, flying,
studying 2 skills, very slow
A: small, no large weapons, nightstalker 3
}: 2/15 runes: barnacled, gossamer
a: Renounce Religion, Upheaval, Elemental Force, Disaster Area


You were on level 2 of the Vaults.
You worshipped Qazlal.
Qazlal was exalted by your worship.
You visited 7 branches of the dungeon, and saw 33 of its levels.
You also visited: Trove, Sewer and Bailey.

You collected 3219 gold pieces.
You spent 1403 gold pieces at shops.

Inventory:

Hand Weapons
 a - a +9 demon blade of protection (weapon)
Missiles
 e - 83 poisoned darts (quivered)
 z - 19 curare-tipped darts
Armour
 p - a +0 pair of gloves of strength (worn)
 H - a +0 helmet
 J - a +2 hat (worn)
 N - a +1 pair of boots (worn)
 T - a scarf of shadows (worn)
 V - a +0 troll leather armour (worn)
 Y - the +5 Storm Queen's Shield (worn) {shock, Fly rElec}
   (You found it on level 11 of the Dungeon)

   Shock:     When it blocks an attack, it may electrocute the attacker.
   This works even against foes who are a short distance away.
   rElec:     It insulates you from electricity.
   Fly:       It grants you flight.
Jewellery
 f - a +4 ring of protection (left hand)
 j - a +4 ring of slaying
 l - an amulet of regeneration (around neck)
 m - a +5 ring of evasion (right hand)
 r - the ring of the Crushed Places {rN+ Will+ rCorr}
   (You found it on level 12 of the Dungeon)

   [ring of positive energy]

   rN:        It protects you from negative energy.
   rCorr:     It protects you from acid and corrosion.
   Will:      It increases your willpower.
Wands
 o - a wand of iceblast (36)
 C - a wand of charming (17)
 E - a wand of light (28)
 F - a wand of flame (78)
 I - a wand of mindburst (14)
 U - a wand of digging (7)
Scrolls
 b - a scroll of fog
 g - 8 scrolls of immolation
 h - 3 scrolls of fear
 i - 12 scrolls of identify
 n - a scroll of revelation
 u - 4 scrolls of enchant weapon
 x - 2 scrolls of silence
 y - 14 scrolls of teleportation
 B - 7 scrolls of poison
 G - 5 scrolls of vulnerability
 Q - a scroll of butterflies
 R - 4 scrolls of blinking
Potions
 c - 12 potions of ambrosia
 k - 3 potions of invisibility
 q - 6 potions of might
 s - 3 potions of cancellation
 t - 3 potions of resistance
 v - 9 potions of heal wounds
 w - 5 potions of mutation
 A - 6 potions of attraction
 K - 4 potions of berserk rage
 M - 14 potions of curing
 O - 6 potions of haste
 P - 2 potions of brilliance
 W - 3 potions of enlightenment
Miscellaneous
 d - a phantom mirror
 D - a condenser vane
 L - a phial of floods
 S - a lightning rod (4/4)


   Skills:
 + Level 17.6 Fighting
 - Level 14.0 Long Blades
 - Level 9.5 Armour
 - Level 19.5 Dodging
 + Level 12.5 Shields
 * Level 18.1 Invocations
 - Level 6.0 Evocations


You had 19 spell levels left.
You didn't know any spells.
Your spell library contained the following spells:

 Spells                   Type           Power      Damage    Failure   Level
 Necrotise                Necr           0%         1d4       69%         1
 Sting                    Tmut/Pois      0%         1d3       69%         1
 Blink                    Tloc           0%         N/A       83%         2
 Ensorcelled Hibernation  Hex/Ice        0%         N/A       83%         2
 Lesser Beckoning         Tloc           0%         N/A       83%         2
 Momentum Strike          Conj/Tloc      0%         3d8       83%         2
 Poisonous Vapours        Pois/Air       0%         N/A       83%         2
 Static Discharge         Conj/Air       0%         2-2/arc   83%         2
 Sublimation of Blood     Necr           0%         N/A       83%         2
 Wereblood                Tmut           0%         N/A       83%         2
 Call Canine Familiar     Summ           0%         N/A       96%         3
 Dazzling Flash           Conj/Hex       0%         N/A       96%         3
 Gell's Gravitas          Tloc           0%         N/A       96%         3
 Portal Projectile        Hex/Tloc       0%         N/A       96%         3
 Stone Arrow              Conj/Erth      0%         3d7       96%         3
 Teleport Other           Tloc           0%         N/A       96%         3
 Vampiric Draining        Necr           0%         2d6       96%         3
 Volatile Blastmotes      Fire/Tloc      0%         2d10      96%         3
 Airstrike                Air            0%         2d(0-16)  100%        4
 Anguish                  Hex/Necr       0%         N/A       100%        4
 Animate Armour           Summ/Erth      0%         N/A       100%        4
 Animate Dead             Necr           0%         N/A       100%        4
 Cause Fear               Hex            0%         N/A       100%        4
 Fulminant Prism          Conj/Hex       0%         3d5       100%        4
 Iskenderun's Mystic Bla  Conj/Tloc      0%         2d3       100%        4
 Leda's Liquefaction      Hex/Erth       0%         N/A       100%        4
 Olgreb's Toxic Radiance  Pois           0%         N/A       100%        4
 Passage of Golubria      Tloc           0%         N/A       100%        4
 Summon Lightning Spire   Summ/Air       0%         N/A       100%        4
 Agony                    Necr           0%         N/A       100%        5
 Alistair's Intoxication  Tmut/Pois      0%         N/A       100%        5
 Borgnjor's Vile Clutch   Necr/Erth      0%         N/A       100%        5
 Fireball                 Conj/Fire      0%         3d3       100%        5
 Silence                  Hex/Air        0%         N/A       100%        5
 Death Channel            Necr           0%         N/A       100%        6
 Dispersal                Tloc           0%         N/A       100%        6
 Eringya's Noxious Bog    Tmut/Pois      0%         4d6       100%        6
 Starburst                Conj/Fire      0%         6d3       100%        6
 Haunt                    Necr/Summ      0%         N/A       100%        7
 Summon Hydra             Summ           0%         N/A       100%        7
 Infestation              Necr           0%         N/A       100%        8
 Lehudib's Crystal Spear  Conj/Erth      0%         10d2      100%        8
 Maxwell's Capacitive Co  Air            0%         ∞         100%        8
 Dragon's Call            Summ           0%         N/A       100%        9


Dungeon Overview and Level Annotations

Branches:
Dungeon (15/15)            Temple (1/1) D:5            Lair (5/5) D:8
 Shoals (4/4) Lair:3       Spider (4/4) Lair:2        Slime (0/5) Lair:5
    Orc (2/2) D:10            Elf (0/3) Orc:2        Vaults (2/5) D:13
 Depths (0/4) D:15          Sewer (visited)          Bailey (visited)
  Crypt: Vaults:2-3

Altars:
Ashenzari
Cheibriados
Dithmenos
Elyvilon
Fedhas
Gozag
Hepliaklqana
Kikubaaqudgha
Makhleb
Nemelex Xobeh
Okawaru
Qazlal
Ru
Sif Muna
Trog
Uskayaw
Vehumet
Wu Jian
Xom
Yredelemnul
Zin
The Shining One

Shops:
D:14 =   D:15 !   Orc:1 :   Orc:2 [*?[(   Shoals:2 (   Shoals:3 (   Shoals:4 (

Annotations:
D:7 1 runed translucent door, ForestMusic's ghost, novice MiBe
D:12 3 runed translucent doors, Esyecac's ghost, journeyman GnWn
Lair:4 2 transporters


Innate Abilities, Weirdness & Mutations

You are small and have problems with some larger weapons.
You are completely attuned to the shadows.


Message History

The vault sentinel blows a loud note on a signal horn!
You block the formless jellyfish's attack.
Your shield discharges, shocking the formless jellyfish!
The formless jellyfish constricts you.
You slash the formless jellyfish!
The formless jellyfish is severely wounded.
You feel sick.
You are no longer poisoned.
The ironbound preserver is recalled.
The ironbound frostheart is recalled. x2
The harpy is recalled.
A harpy comes into view.
The ironbound thunderhulk completely misses you.
An ironbound preserver and 2 ironbound frosthearts come into view.
You slice the formless jellyfish!!
The formless jellyfish is almost dead.
A yaktaur comes into view.
The formless jellyfish is engulfed in a thunderstorm.
You kill the formless jellyfish!
Qazlal accepts your kill.
The ironbound frostheart calls freezing cold from the walls.
The frost grips you!!
* * * LOW HITPOINT WARNING * * *
You are encased in ice.
The vault sentinel is engulfed in a thunderstorm.
A deep troll comes into view.
A deep troll earth mage comes into view.
The ironbound preserver is engulfed in blazing flames.
You block the ironbound preserver's attack.
The ironbound convoker points at the deep troll earth mage and mumbles some strange words.
The deep troll earth mage seems to grow stronger.
The ironbound frostheart is engulfed in blazing flames.
The ironbound frostheart calls freezing cold from the walls.
The frost grips you!!
Your resistance to physical damage fades away.
You feel protected from cold.
* * * LOW HITPOINT WARNING * * *
You block the harpy's attack. The harpy completely misses you.
The yaktaur is engulfed in blazing flames.
The ironbound convoker hits you with a +4 heavy mace!!
You die...

*,,*,,,,,*,,*,,,,,,,,,,,*
*,,*,,,,,*,,*,,,,,,,,,,,*
*,,***,***,,*,,,,,,,,,,,*
*,,,,,,,,,,,*************
*,,,,,,,,T.,*
#################§##*************
............))p.p.§.,,,,,,,,,,,,,
.........)..[.°☼Op○.,,,,,,,,,,,,,
.......#########@pc.,,,,,,,,,,,,,
###....+,,,,,,,#HTT.,,,,,,,,,,,,,
,,#....#,,,,,,,#p...,,,,,,,,,,,,,
,,*,,,,*,,,,,,,#....,,,,,,,,,,,,,
***,,,,*,,,,,,,*,,,,,,,,*********
,,*,,,,*,,,,,,,*,,,,~~~,,,,,,,,,,
,,*,,,,*,,,<,,,*,,,~,~,~,,,,*,,,*
***,,,,*,,,,,,,*,,,~~∩~~,,,,*,,,*
,,*,,,,*,,,,,,,*,,,~,~,~*,***,,,*


You could see an ironbound preserver, an ironbound thunderhulk, 2 ironbound
frosthearts, a deep troll, a vault sentinel (catching breath), an ironbound
convoker (catching breath), a deep troll earth mage (strong), a yaktaur and a
harpy.

Vanquished Creatures
  Asterion (Vaults:2)
  Gastronok (D:10)
  Donald (Shoals:3)
  4 emperor scorpions (Spider:4)
  3 vault wardens
  2 ghost moths (Spider:4)
  3 ironbound preservers
  2 formless jellyfish
  3 broodmothers (Spider:4)
  3 ironbound thunderhulks (Vaults:1)
  A spark wasp (Spider:4)
  9 dire elephants
  8 merfolk javelineers
  Josephine (Orc:2)
  9 merfolk impalers
  A yaktaur captain (D:13)
  4 vault guards
  4 entropy weavers
  4 hydras
  A great orb of eyes (Vaults:1)
  3 jorogumos (Spider:3)
  2 merfolk avatars
  2 alligator snapping turtles
  2 ironbound frosthearts
  2 ogre magi (Orc:2)
  3 merfolk aquamancers
  4 radroaches
  3 catoblepae (Lair:5)
  A boulder beetle (shapeshifter) (D:11)
  4 centaur warriors
  8 death yaks
  11 boulder beetles
  5 satyrs
  Urug (Orc:1)
  15 two-headed ogres
  8 demonic crawlers
  2 tengu warriors (D:15)
  Sonja (Orc:2)
  7 skysharks
  7 pharaoh ants
  3 skeletal warriors (D:13)
  Lodul (D:10)
  10 sea snakes
  A sun moth (Spider:3)
  14 deep trolls
  12 orb spiders
  A wizard (Vaults:1)
  A flayed ghost (D:12)
  5 ironbound convokers
  Pikel (D:7)
  2 deep elf pyromancers
  14 harpies
  A lindwurm (Lair:5)
  A necromancer (Vaults:1)
  2 orc knights
  A stone giant zombie (Vaults:1)
  7 steelbarb worms
  A salamander (shapeshifter) (D:14)
  15 ugly things
  2 fauns (Shoals:3)
  25 wolf spiders
  19 manticores
  16 cyclopes
  5 vault sentinels
  2 moths of wrath
  3 water nymphs
  6 torpor snails
  12 elephants
  10 black mambas
  A naga mage (D:15)
  17 cane toads
  A guardian serpent (Lair:5)
  6 merfolk sirens
  An unseen horror (D:13)
  An elf zombie (Vaults:1)
  A gargoyle (D:13)
  3 komodo dragons
  5 rime drakes
  An efreet (D:14)
  5 yaktaurs
  A yaktaur skeleton (Vaults:1)
  21 merfolk
  10 trolls
  6 meliai
  4 wind drakes
  A guardian mummy (D:14)
  A queen bee (Spider:1)
  3 polar bears
  A tarantella (shapeshifter) (D:15)
  28 tarantellas
  11 snapping turtles
  11 hornets
  26 blink frogs
  13 dream sheep
  34 jumping spiders
  Sigmund (D:2)
  26 slime creatures
  21 culicivoras
  A spriggan (D:9)
  10 wraiths
  A wyvern (shapeshifter) (D:15)
  10 water elementals
  16 wyverns
  10 fire bats (D:12)
  4 shadows
  37 yaks
  3 basilisks
  A steam dragon (D:7)
  46 redbacks
  8 vampire mosquitoes
  27 water moccasins
  A glowing shapeshifter zombie (Vaults:1)
  3 wargs (D:10)
  An acid dragon (D:10)
  3 ice beasts (D:6)
  2 black bears
  21 orc warriors
  26 ogres
  11 wolves
  29 centaurs
  A phantom (D:6)
  11 kobold brigands
  13 bullfrogs
  A gnoll sergeant (D:7)
  2 scorpions
  5 wights
  43 killer bees
  7 howler monkeys
  4 electric eels
  5 hounds
  A jelly (Lair:5)
  A quasit (D:6)
  2 gnoll boudas
  9 orc priests
  5 iguanas
  2 sleepcaps
  11 orc wizards
  7 hell rats
  16 gnolls
  9 adders
  8 white imps
  An ufetubus (D:5)
  A worm (D:2)
  A dart slug (D:2)
  80 orcs
  52 bats
  6 endoplasms
  6 giant cockroaches
  8 hobgoblins
  2 jackals (D:4)
  3 quokkas
  4 ball pythons
  3 frilled lizards
  9 goblins
  44 kobolds
  9 rats
1273 creatures vanquished.

Vanquished Creatures (collateral kills)
  Rupert (D:15)
  A merfolk impaler (Shoals:1)
  2 hydras
  A death yak (Lair:3)
  An ugly thing (D:15)
  A black mamba (Lair:4)
  A polar bear (Lair:4)
  A merfolk (Shoals:1)
  A water moccasin (Lair:2)
  An orc priest (D:7)
  2 orcs (D:7)
13 creatures vanquished.

Vanquished Creatures (others)
  Nessos (Lair:4)
  A merfolk avatar (Shoals:4)
2 creatures vanquished.

Grand Total: 1288 creatures vanquished

Notes
Turn   | Place    | Note
-------+----------+-------------------------------------------
     0 | D:1      | Iniera the Kobold Monk began the quest for the Orb.
     0 | D:1      | Reached XP level 1. HP: 14/14 MP: 1/1
   316 | D:1      | Reached XP level 2. HP: 19/19 MP: 2/2
   346 | D:1      | Reached skill level 4 in Dodging
   838 | D:2      | Identified the +0 ring mail of the Kettle-Drum {Int+4}
   864 | D:2      | Reached XP level 3. HP: 24/24 MP: 3/3
  1129 | D:2      | Noticed Sigmund
  1143 | D:2      | Killed Sigmund
  1144 | D:2      | Reached skill level 6 in Dodging
  1144 | D:2      | Reached XP level 4. HP: 21/30 MP: 4/4
  1144 | D:2      | Reached XP level 5. HP: 24/34 MP: 5/5
  1144 | D:2      | Reached XP level 6. HP: 28/40 MP: 6/6
  2043 | D:3      | Reached skill level 5 in Fighting
  2080 | D:3      | Found a glowing drain.
  2094 | Sewer    | Entered a sewer
  2355 | D:3      | Reached skill level 1 in Shields
  2406 | D:3      | Found a glowing golden altar of the Shining One.
  3124 | D:4      | Reached XP level 7. HP: 36/44 MP: 7/7
  3211 | D:4      | Found an iron altar of Okawaru.
  3462 | D:4      | Found a radiant altar of Vehumet.
  3710 | D:4      | Reached skill level 7 in Dodging
  3837 | D:4      | Found an ornate altar of the Wu Jian Council.
  3997 | D:4      | Found an ancient bone altar of Kikubaaqudgha.
  4493 | D:5      | Entered Level 5 of the Dungeon
  4657 | D:5      | Noticed a water moccasin
  4683 | D:5      | Killed a water moccasin
  4684 | D:5      | Reached XP level 8. HP: 48/51 MP: 8/8
  5077 | D:5      | Found a staircase to the Ecumenical Temple.
  5084 | Temple   | Entered the Ecumenical Temple
  5234 | Temple   | Became a worshipper of Qazlal Stormbringer
  5234 | Temple   | Reached * piety under Qazlal
  5234 | Temple   | Reached ** piety under Qazlal
  6216 | D:6      | Reached skill level 1 in Invocations
  6324 | D:6      | Reached XP level 9. HP: 56/56 MP: 10/10
  6454 | D:6      | Reached skill level 8 in Dodging
  6601 | D:6      | Found a blossoming altar of Fedhas.
  7222 | D:7      | Reached skill level 5 in Shields
  7222 | D:7      | Noticed a hornet
  7288 | D:7      | Killed a hornet
  7313 | D:7      | Noticed a boulder beetle
  7330 | D:7      | Noticed a boulder beetle
  7379 | D:7      | Killed a boulder beetle
  7380 | D:7      | Reached skill level 5 in Long Blades
  7380 | D:7      | Reached XP level 10. HP: 64/64 MP: 11/13
  7406 | D:7      | Killed a boulder beetle
  7409 | D:7      | Noticed a cyclops
  7411 | D:7      | Noticed a boulder beetle
  7423 | D:7      | Killed a cyclops
  7424 | D:7      | Reached skill level 5 in Invocations
  7491 | D:7      | Killed a boulder beetle
  7613 | D:7      | Found a runed translucent door.
  7643 | D:7      | Found a sparkling altar of Nemelex Xobeh.
  7644 | D:7      | Found a sacrificial altar of Ru.
  7644 | D:7      | Found an opulent altar of Gozag.
  7646 | D:7      | Found a shimmering altar of Xom.
  7655 | D:7      | Noticed Pikel
  7668 | D:7      | Killed Pikel
  7805 | D:7      | Reached XP level 11. HP: 69/69 MP: 15/15
  7959 | D:7      | Noticed ForestMusic's ghost (novice MiBe)
  8363 | D:8      | Reached *** piety under Qazlal
  8436 | D:8      | Found a staircase to the Lair.
  9382 | D:9      | Found a flagged portal.
  9390 | Bailey   | Entered a bailey
  9576 | Bailey   | Reached **** piety under Qazlal
 10381 | D:9      | Reached XP level 12. HP: 77/77 MP: 17/17
 10424 | D:9      | Noticed a two-headed ogre
 10437 | D:9      | Killed a two-headed ogre
 10438 | D:9      | Reached skill level 10 in Fighting
 10540 | D:9      | Reached skill level 1 in Armour
 10731 | D:9      | Identified a scroll of acquirement
 11374 | Lair:1   | Entered Level 1 of the Lair of Beasts
 11393 | Lair:1   | Reached ***** piety under Qazlal
 11449 | Lair:1   | Identified the +0 leather armour "Deingoix" {rF+ Str+3
                  | Dex-2 Slay+4}
 11744 | Lair:1   | Reached skill level 9 in Dodging
 12511 | Lair:1   | Acquired a manual of Dodging
 12739 | Lair:2   | Noticed a seven-headed hydra
 12752 | Lair:2   | Killed a seven-headed hydra
 12753 | Lair:2   | Reached skill level 10 in Dodging
 12753 | Lair:2   | Reached XP level 13. HP: 47/84 MP: 14/19
 12800 | Lair:2   | Found a hole to the Spider Nest.
 12848 | Lair:2   | Identified the +0 ring mail of Responsibility {Will- Str+3
                  | Int+4}
 13405 | Lair:3   | Reached skill level 11 in Dodging
 13408 | Lair:3   | Found a staircase to the Shoals.
 14350 | Lair:4   | Noticed Nessos
 14359 | Lair:4   | Noticed a six-headed hydra
 14376 | Lair:3   | Killed a six-headed hydra
 14387 | Lair:3   | Reached skill level 12 in Dodging
 14541 | Lair:4   | Reached skill level 10 in Invocations
 14542 | Lair:4   | Killed Nessos
 14558 | Lair:4   | Reached skill level 5 in Armour
 14708 | Lair:4   | Reached skill level 13 in Dodging
 14723 | Lair:4   | Reached XP level 14. HP: 92/92 MP: 21/21
 15023 | Lair:4   | Found a transporter.
 15023 | Lair:4   | Found a transporter.
 15227 | Lair:5   | Entered Level 5 of the Lair of Beasts
 15318 | Lair:5   | Found a staircase to the Slime Pits.
 15343 | Lair:5   | Reached skill level 14 in Dodging
 15898 | Lair:5   | Noticed a dire elephant
 15913 | Lair:5   | Reached XP level 15. HP: 90/98 MP: 23/23
 15921 | Lair:5   | Reached skill level 15 in Dodging
 15944 | Lair:5   | Reached ****** piety under Qazlal
 16068 | Lair:5   | Reached skill level 10 in Long Blades
 16114 | Lair:5   | Reached skill level 1 in Evocations
 16902 | D:10     | Entered Level 10 of the Dungeon
 16906 | D:10     | Noticed Gastronok
 16915 | D:10     | Killed Gastronok
 17389 | D:10     | Noticed Lodul
 17397 | D:10     | Killed Lodul
 17462 | D:10     | Found a staircase to the Orcish Mines.
 17750 | Orc:1    | Entered Level 1 of the Orcish Mines
 17750 | Orc:1    | Found Duunexits's Book Emporium.
 17926 | Orc:1    | Noticed Urug
 17932 | Orc:1    | Killed Urug
 18241 | Orc:2    | Entered Level 2 of the Orcish Mines
 18261 | Orc:2    | Noticed Sonja
 18285 | Orc:2    | Killed Sonja
 18293 | Orc:2    | Reached skill level 16 in Dodging
 18381 | Orc:2    | Found a staircase to the Elven Halls.
 18471 | Orc:2    | Noticed Josephine
 18480 | Orc:2    | Killed Josephine
 18487 | Orc:2    | Reached XP level 16. HP: 56/105 MP: 16/25
 18724 | Orc:2    | Found Kiupivob's Assorted Antiques.
 18729 | Orc:2    | Bought a fizzy ruby potion for 27 gold pieces
 18729 | Orc:2    | Found Hitwypot's Antique Armour Shop.
 18740 | Orc:2    | Bought an embroidered cloak for 247 gold pieces
 18740 | Orc:2    | Bought a runed scarf for 264 gold pieces
 18757 | Orc:2    | Found Mex Ymp's Antique Armour Boutique.
 18758 | Orc:2    | Found Ycihihach's Weapon Boutique.
 18764 | Orc:2    | Found Diruwa's Magic Scroll Shop.
 18771 | Orc:2    | Bought a scroll of brand weapon for 133 gold pieces
 18771 | Orc:2    | Bought a scroll of brand weapon for 133 gold pieces
 18771 | Orc:2    | Bought a scroll of blinking for 105 gold pieces
 19452 | D:11     | Found a snail-covered altar of Cheibriados.
 19626 | D:11     | Found the +5 Storm Queen's Shield {shock, Fly rElec}
 20044 | D:12     | Found a bloodstained altar of Trog.
 20054 | D:12     | Found a runed translucent door.
 20098 | D:12     | Identified the ring of the Crushed Places {rN+ Will+ rCorr}
 20103 | D:12     | Identified the +4 shortbow of the Unkillable {drain, rPois
                  | Str+6 Stlth-}
 20131 | D:12     | Found a shimmering altar of Xom.
 20151 | D:12     | Found a shimmering altar of Xom.
 20183 | D:12     | Found a glowing golden altar of the Shining One.
 20212 | D:12     | Found a shadowy altar of Dithmenos.
 20222 | D:12     | Reached skill level 5 in Evocations
 20222 | D:12     | Found a snail-covered altar of Cheibriados.
 20401 | D:12     | Found a runed translucent gate.
 20401 | D:12     | Found a runed translucent gate.
 20401 | D:12     | Found a runed translucent gate.
 20564 | D:12     | Noticed Esyecac's ghost (journeyman GnWn)
 20625 | D:13     | Reached skill level 17 in Dodging
 21120 | D:13     | Found a gate to the Vaults.
 21510 | D:14     | Found a portal to a secret trove of treasure.
 21602 | D:14     | You paid a toll of 5 scrolls of fog to enter a treasure
                  | trove
 21603 | Trove    | Entered a treasure trove
 21638 | Trove    | Identified the +2 demon blade of Resourcefulness {drain,
                  | rElec Dex+3}
 21643 | Trove    | Identified the +2 hand axe "Keoduh" {flame, rPois}
 21699 | Trove    | Identified the +8 double sword of Calamity {flame, Str+3}
 21711 | Trove    | Identified the +7 dagger of Crawling {venom, rPois}
 21717 | Trove    | Identified the +9 falchion "Vyquwker" {heavy, Stlth+}
 21982 | D:14     | Identified the +4 mace "Pendulum" {holy, Fragile Int+5}
 22140 | D:14     | Found Vatut's Jewellery Boutique.
 22433 | D:15     | Entered Level 15 of the Dungeon
 22480 | D:15     | Noticed Rupert
 22496 | D:15     | Killed Rupert
 22503 | D:15     | Reached XP level 17. HP: 111/112 MP: 17/26
 22617 | D:15     | Found a staircase to the Depths.
 22939 | D:15     | Found Vuczus's Distillery.
 22944 | D:15     | Bought 2 potions of curing for 108 gold pieces
 22944 | D:15     | Bought a potion of haste for 180 gold pieces
 22944 | D:15     | Bought a potion of berserk rage for 90 gold pieces
 22944 | D:15     | Bought a potion of curing for 54 gold pieces
 23667 | Shoals:1 | Entered Level 1 of the Shoals
 23687 | Shoals:1 | Reached skill level 18 in Dodging
 23798 | Spider:1 | Entered Level 1 of the Spider Nest
 23951 | Spider:1 | Identified the +6 halberd of the Visionary {antimagic,
                  | Str+2}
 23984 | Spider:1 | Reached skill level 15 in Fighting
 24129 | Spider:1 | Identified the +3 ring mail "Umeitza" {+Blink rF+ Str+5}
 25320 | Spider:2 | Reached XP level 18. HP: 119/119 MP: 28/28
 25557 | Spider:3 | Reached skill level 19 in Dodging
 26862 | Spider:4 | Entered Level 4 of the Spider Nest
 27554 | Spider:4 | Reached skill level 10 in Shields
 28035 | Spider:4 | Got a gossamer rune of Zot
 28334 | Shoals:1 | Reached XP level 19. HP: 125/125 MP: 29/29
 30541 | Shoals:2 | Found Xokioq's Firing Range.
 30546 | Shoals:2 | Bought 4 curare-tipped darts for 62 gold pieces
 30722 | Shoals:3 | Reached skill level 15 in Invocations
 31146 | Shoals:3 | Noticed Donald
 31158 | Shoals:3 | Killed Donald
 31320 | Shoals:3 | Found Vuyggir's Weapon Shoppe.
 32051 | Shoals:4 | Entered Level 4 of the Shoals
 32123 | Shoals:4 | Got a barnacled rune of Zot
 32797 | Shoals:4 | Found Lovuxux's Antique Weapon Boutique.
 33262 | Shoals:4 | Found the +8 frozen axe "Frostbite" {freeze, freezing
                  | cloud, *Noise Fly rC+}
 33966 | Vaults:1 | Entered Level 1 of the Vaults
 33981 | Vaults:1 | Reached XP level 20. HP: 134/134 MP: 32/32
 34960 | Vaults:1 | Identified the +6 scale mail of Paranoia {Will+ Str+4}
 35618 | Vaults:2 | Noticed Asterion
 35638 | Vaults:2 | Killed Asterion
 35701 | Vaults:2 | Mangled by an ironbound convoker

Illustrated notes

Levels and vault maps discovered:
D:1:      wander_arrival_peaceful_grave, layout_loops_ring
D:2:      layout_basic, uniq_sigmund
D:3:      layout_basic, tso_oasis_becter, cheibrodos_sewer_entry_drain,
          minmay_misc_feat_chi
D:4:      layout_layer_cave, fiery_altar_vehumet, tgw_kikubaaqudgha,
          mainiacjoe_overflow_surrounded_room, lemuel_round_altar,
          minmay_increasing_density
D:5:      layout_layer_cave, minmay_temple_entry_arrows, hex_medium
D:6:      layout_basic, fedhas_bush_and_centaur_altar, serial_demonic,
          serial_demonic_b, serial_demonic_a, serial_demonic_b,
          serial_demonic_b, serial_demonic_g, serial_demonic_a,
          nicolae_figureground_sparkle
D:7:      minmay_blocky_corners, layout_basic,
          chequers_temple_overflow_statue_of_worship,
          hellmonk_ghost_happy_afterlife, uniq_pikel
D:8:      layout_basic, minmay_lair_entry_grove, blue_anna_alchemist
D:9:      layout_basic, enter_bailey_2, the_hattery
D:10:     layout_basic, minmay_orc_entry_guard_dogs, uniq_lodul, uniq_gastronok
D:11:     layout_loops_ring, cheibriados_altar_1
D:12:     due_megacathedral, layout_cave_pools, gammafunk_ghost_spectres
D:13:     layout_long_grid, david_vaults_2
D:14:     layout_roguey, nicolae_trove_entry_path_of_doom, serial_shops,
          nicolae_shop_waterfront
D:15:     hangedman_depths_entry_try_elsewhere_first, layout_small_grid,
          serial_shops, shop, minmay_misc_feat_nine_boxes,
          chequers_decorated_corner, uniq_rupert
Temple:   nicolae_temple_hex_pool
Lair:1:   layout_cave_pods, serial_bayou_shore_a
Lair:2:   layout_loops_ring, spider_nest_entry_webs,
          chequers_serial_rivers_small_a
Lair:3:   layout_chaotic_city, minmay_shoals_entry_centaurs, serial_bayou_lake_a
Lair:4:   layout_hall_layers, gammafunk_ghost_wrathful_warriors,
          grunt_megastairs_4, uniq_nessos
Lair:5:   hangedman_lair_tendril_chambers, layout_big_grid,
          hangedman_lair_in_review, minmay_slime_entry_pillars,
          nicolae_quartered_pool_impasse
Shoals:1: layout_shoals
Shoals:2: layout_shoals, nicolae_shop_firing_range
Shoals:3: layout_shoals, serial_shops, shop, nicolae_shoals_pincushion_passage,
          uniq_donald
Shoals:4: shoals_end_simple, layout_shoals, serial_shops,
          nicolae_shop_overgrown_old_shop, nicolae_shoals_circle_sea_wall,
          hangedman_shoals_cup_caves
Spider:1: layout_spider_delve, special_room [special_room_bee],
          hangedman_spider_tarantella_strand
Spider:2: layout_spider_delve, drop_trap
Spider:3: layout_chambers, nicolae_spider_world_wide_web
Spider:4: guppyfry_spider_rune, spiders_nest_hornet_nest
Orc:1:    cheibrodos_orc_bank, layout_diamond_mine, serial_shops,
          nicolae_book_shop_shelving, nicolae_orc_rich_vein, uniq_urug
Orc:2:    st_orc_open, layout_caves, serial_shops, nicolae_square_shop,
          mines2_david, uniq_sonja, uniq_josephine
Vaults:1: nicolae_vaults_trapezoid_2, nicolae_vaults_tetromino_Z_2,
          nicolae_vaults_theta, vaults_dpeg_emergency_exit, v_misc_33,
          hangedman_vaults_nails, nicolae_vaults_tetromino_L_1,
          layout_vaults_quadrants
Vaults:2: mu_enter_wizlab_6, v_misc_2, nicolae_vaults_six-pack, v_misc_16,
          grunt_vaults_hallway_long, nicolae_vaults_apartment_2,
          nicolae_vaults_tetromino_T_2, nicolae_vaults_weapon_check,
          ontoclasm_vaults_decontamination, nicolae_vaults_tetromino_T_1,
          nicolae_vaults_more_shelving_2, nicolae_vaults_shipping_containers_1,
          layout_vaults_big_room, serial_shops, bzr_entry_water, uniq_asterion

Skill      XL: |  1  2  3  4  5  6  7  8  9 10 11 12 13 14 15 16 17 18 19 20 |
---------------+-------------------------------------------------------------+-----
Dodging        | 4 6 7 8 10 13 14 16 17 18 19 | 19.5
Fighting       | 4 5 6 7 8 9 10 12 13 14 15 16 17 | 17.6
Shields        | 1 3 4 6 7 9 10 11 12 | 12.5
Long Blades    | 3 5 6 7 8 9 10 11 12 13 14 | 14.0
Invocations    | 1 4 5 7 8 10 11 12 13 14 16 18 | 18.1
Armour         | 3 5 6 7 8 9 |  9.5
Evocations     | 4 6 |  6.0

Action                     |  1- 3 |  4- 6 |  7- 9 | 10-12 | 13-15 | 16-18 | 19-21 || total
---------------------------+-------+-------+-------+-------+-------+-------+-------++-------
  Melee: Falchion          |    55 |   109 |    57 |   110 |       |       |       ||   331
         Short sword       |       |       |   360 |   955 |   443 |       |       ||  1758
         Scimitar          |       |       |       |       |   489 |   220 |       ||   709
         Demon blade       |       |       |       |       |       |   849 |   781 ||  1630
 Invoke: Upheaval          |       |       |     1 |       |       |       |       ||     1
         Elemental Force   |       |       |       |     1 |     2 |     4 |       ||     7
         Disaster Area     |       |       |       |       |     2 |     1 |     2 ||     5
  Evoke: Wand              |       |       |     4 |       |     1 |     3 |       ||     8
         Condenser vane    |       |       |       |       |       |     1 |       ||     1
    Use: Scroll            |       |    15 |     8 |     3 |     6 |     9 |     2 ||    43
         Potion            |       |       |       |       |     1 |       |       ||     1
   Stab: Sleeping          |     1 |     4 |     8 |       |       |       |       ||    13
         Distracted        |       |       |     2 |       |       |       |       ||     2
         Paralysed         |       |       |       |       |       |     2 |       ||     2
         Held in net/web   |       |       |       |       |       |     1 |       ||     1
 Armour: Ring mail         |    17 |    36 |   101 |    12 |       |       |       ||   166
         Steam dragon scal |       |       |       |    75 |   126 |       |       ||   201
         Troll leather arm |       |       |       |       |    12 |    93 |    46 ||   151
  Dodge: Dodged            |    29 |    71 |   271 |   734 |  1057 |   646 |   340 ||  3148
         Repelled          |       |       |       |     2 |     5 |     6 |     2 ||    15
  Block: Buckler           |       |    17 |   181 |   636 |   922 |    69 |       ||  1825
         Kite shield       |       |       |       |       |       |  1329 |   760 ||  2089

Table legend: (Time is in decaauts)
 A = Elapsed time spent in this place.
 B = Non-inter-level travel time spent in this place.
 C = Inter-level travel time spent in this place.
 D = Time resting spent in this place.
 E = Time spent auto-exploring this place.
 F = Levels seen in this place.
 G = Mean time per level.
                   A        B        C        D        E       F      G
               +--------+--------+--------+--------+--------+-----+--------+
         Total |  35335 |  33359 |   1976 |    224 |  26144 |  36 |  981.5 |
       Dungeon |  15738 |  14855 |    883 |     27 |  11973 |  15 | 1049.2 |
        Temple |    169 |    145 |     24 |      0 |    134 |   1 |  169.0 |
          Lair |   5685 |   5132 |    553 |    193 |   3746 |   5 | 1137.0 |
        Shoals |   5340 |   5183 |    157 |      4 |   4539 |   4 | 1335.0 |
   Spider Nest |   4380 |   4218 |    162 |      0 |   3215 |   4 | 1095.0 |
  Orcish Mines |   1433 |   1295 |    138 |      0 |    937 |   2 |  716.5 |
        Vaults |   1642 |   1586 |     56 |      0 |   1251 |   2 |  821.0 |
         Trove |    163 |    163 |      0 |      0 |     60 |   1 |  163.0 |
         Sewer |     95 |     95 |      0 |      0 |     48 |   1 |   95.0 |
        Bailey |    685 |    685 |      0 |      0 |    240 |   1 |  685.0 |
               +--------+--------+--------+--------+--------+-----+--------+

Top non-repeatable levels by time:
  Lair:5: 1603 daAuts
Shoals:4: 1560 daAuts
Vaults:1: 1520 daAuts
     D:5: 1423 daAuts
     D:4: 1382 daAuts
Shoals:3: 1368 daAuts
Spider:3: 1353 daAuts
  Lair:1: 1347 daAuts
Spider:4: 1326 daAuts
  Lair:3: 1307 daAuts
     D:9: 1279 daAuts
     D:8: 1259 daAuts
Shoals:1: 1251 daAuts
Shoals:2: 1160 daAuts
     D:2: 1125 daAuts
